 Dungeon Crawl Stone Soup version 0.16.1-14-g82efdee (webtiles) character file.

394 KarvaRausku the Carver (level 6, -6/35 HPs)
             Began as a Tengu Gladiator on Apr 11, 2015.
             Was an Initiate of Okawaru.
             Mangled by Prince Ribbit (14 damage)
             ... on level 5 of the Dungeon.
             The game lasted 00:13:36 (3763 turns).

KarvaRausku the Carver (Tengu Gladiator)            Turns: 3763, Time: 00:13:37

Health: -6/35      AC:  6    Str: 17    XL:     6   Next: 82%
Magic:  8/8        EV: 11    Int:  9    God:    Okawaru [......]
Gold:   279        SH:  0    Dex: 14    Spells: 0 memorised, 5 levels left

rFire  + . .     SeeInvis .     a - +0 long sword
rCold  . . .     Clarity  .     i - +0 scale mail
rNeg   . . .     SustAb   .     (no shield)
rPois  .         Gourm    .     c - +0 hat
rElec  .         Spirit   .     (no cloak)
rCorr  .         Warding  .     (no gloves)
rMut   .         Stasis   .     (boots unavailable)
MR     .....                    (no amulet)
Stlth  ..........               z - ring of protection from fire
                                m - ring of teleport control

@: not resistant to hostile enchantments, extremely unstealthy
A: able to fly, beak, talons 3
a: Fly, Renounce Religion, Evoke Teleport Control


You were on level 5 of the Dungeon.
You worshipped Okawaru.
Okawaru was noncommittal.
You were hungry.

You visited 2 branches of the dungeon, and saw 6 of its levels.

You collected 279 gold pieces.

Inventory:

Hand weapons
 a - a +0 long sword (weapon)
Missiles
 d - 3 throwing nets (quivered)
Armour
 b - a +0 leather armour
 c - a +0 hat (worn)
 i - a +0 scale mail (worn)
 o - a +0 chain mail
 p - a gold dragon hide
 x - a +0 helmet
 C - a +0 chain mail
Jewellery
 m - a ring of teleport control (left hand)
 z - a ring of protection from fire (right hand)
Scrolls
 e - 3 scrolls of remove curse {unknown}
 g - 3 scrolls of blinking {unknown}
 h - a scroll of fog {unknown}
 k - 5 scrolls of identify {unknown}
 n - a scroll of fear {unknown}
 r - a scroll of teleportation {unknown}
 u - 3 scrolls of random uselessness {unknown}
 y - a scroll of amnesia {unknown}
 A - 2 scrolls of enchant weapon {unknown}
Potions
 j - 2 potions of curing {unknown}
 q - a potion of might {unknown}
 s - a potion of heal wounds {unknown}
 t - a potion of brilliance {unknown}
 v - 2 potions of lignification {unknown}
 w - a potion of invisibility {unknown}
 B - a potion of agility {unknown}
Comestibles
 f - 2 bread rations
 l - 5 meat rations
 D - a chunk of flesh


   Skills:
 - Level 2.0 Fighting
 + Level 8.2 Long Blades
 - Level 2.1 Throwing
 - Level 3.2 Dodging


You had 5 spell levels left.
You didn't know any spells.

Dungeon Overview and Level Annotations

Branches:
Dungeon (5/15)             Temple (1/1) D:4

Altars:
Ashenzari
Cheibriados
Dithmenos
Fedhas
Gozag
Kikubaaqudgha
Makhleb
Nemelex Xobeh
Okawaru
Ru
Sif Muna
Trog
Vehumet
Xom
Yredelemnul
Zin
The Shining One

Annotations:
D:5 Prince Ribbit


Innate Abilities, Weirdness & Mutations

You can fly.
You have a beak for a mouth.
You have claws for feet.


Message History

You slash Prince Ribbit!
Prince Ribbit is moderately wounded.
Prince Ribbit hits you!
You miss Prince Ribbit.
Your kick passes through Prince Ribbit as he momentarily phases out.
You peck Prince Ribbit.
Prince Ribbit is moderately wounded.
Prince Ribbit hits you!
Prince Ribbit blinks!
Prince Ribbit blinks!
You are feeling hungry.
Prince Ribbit blinks! x2
Prince Ribbit blinks!
Prince Ribbit closely misses you. Prince Ribbit hits you.
* * * LOW HITPOINT WARNING * * *
Prince Ribbit closely misses you.
Prince Ribbit blinks!
Prince Ribbit blinks!
Prince Ribbit hits you!
You die...

#..#.#..##
#.!...# #..#....#
#F....# #..##...#
#.....# #.......#
#.....# #......##
#######
#####.#######
####.......#
#.......##.#
#.##.##@##.# #
#..F.##(#
#.##.##.##.#
#.......##.####.#
####.....<......#
##############


You could see Prince Ribbit.

Vanquished Creatures
  A hound (D:4)
  3 iron imps (D:4)
  3 worker ants
  3 gnolls (D:3)
  5 adders
  A giant mite (D:5)
  5 worms
  2 giant geckos
  8 orcs
  2 ball pythons
  A bat skeleton (D:4)
  4 giant cockroaches
  9 hobgoblins
  4 jackals (D:2)
  12 bats
  3 giant newts
  13 goblins
  8 kobolds
  A quokka (D:2)
  13 rats
  2 fungi (D:3)
103 creatures vanquished.

Notes
Turn   | Place    | Note
--------------------------------------------------------------
     0 | D:1      | KarvaRausku, the Tengu Gladiator, began the quest for the Orb.
     0 | D:1      | Reached XP level 1. HP: 12/12 MP: 1/1
   132 | D:1      | Reached XP level 2. HP: 9/17 MP: 3/3
   260 | D:1      | Found a sparkling altar of Nemelex Xobeh.
   283 | D:1      | Reached skill level 4 in Long Blades
   790 | D:2      | Reached XP level 3. HP: 14/21 MP: 4/4
  1043 | D:2      | Reached skill level 5 in Long Blades
  1055 | D:2      | Reached XP level 4. HP: 19/26 MP: 5/5
  1811 | D:3      | Reached skill level 6 in Long Blades
  1811 | D:3      | Reached XP level 5. HP: 27/30 MP: 7/7
  2614 | D:4      | Found a burning altar of Makhleb.
  2631 | D:4      | Found a staircase to the Ecumenical Temple.
  2648 | Temple   | Entered the Ecumenical Temple
  2658 | Temple   | Became a worshipper of Warmaster Okawaru
  2884 | D:4      | Found a shimmering altar of Xom.
  2984 | D:4      | Found a bloodstained altar of Trog.
  3012 | D:4      | Reached skill level 7 in Long Blades
  3021 | D:4      | Reached XP level 6. HP: 35/35 MP: 8/8
  3047 | D:4      | Found a radiant altar of Vehumet.
  3047 | D:4      | Found a shattered altar of Ashenzari.
  3313 | D:4      | Found a shadowy altar of Dithmenos.
  3394 | D:4      | Reached skill level 8 in Long Blades
  3690 | D:5      | Entered Level 5 of the Dungeon
  3734 | D:5      | Noticed Prince Ribbit
  3763 | D:5      | Mangled by Prince Ribbit

Action                   |  1- 3 |  4- 6 || total
-------------------------+-------+-------++-------
Melee: Long sword        |    90 |   226 ||   316
 Abil: Fly               |       |     1 ||     1
  Eat: Chunk             |       |     9 ||     9
